 Dungeon Crawl Stone Soup version 0.30.0-19-g36f170ea60 (webtiles) character file.

Game seed: 5247083081044610460

617 Irreverend the Firebug (level 7, -1/59 HPs)
             Began as an Ogre Fire Elementalist on May 29, 2023.
             Was a Follower of Vehumet.
             Slain by a sleepcap (7 damage)
             ... on level 5 of the Dungeon.
             The game lasted 00:08:43 (5375 turns).

Irreverend the Firebug (Ogre Fire Elementalist)     Turns: 5375, Time: 00:08:44

Health: -1/59      AC:  3    Str: 13    XL:     7   Next: 45%
Magic:  1/13       EV: 10    Int: 18    God:    Vehumet [*.....]
Gold:   246        SH:  0    Dex:  9    Spells: 11/14 levels left

rFire   . . .        (no weapon)
rCold   . . .        (no shield)
rNeg    + . .        a - +0 robe
rPois   .            (helmet restricted)
rElec   .            (no cloak)
rCorr   .            (gloves unavailable)
SInv    .            (boots unavailable)
Will    .....        (no amulet)
Stlth   +            o - ring of positive energy
HPRegen 0.29/turn    (no ring)
MPRegen 0.13/turn

%: no passive effects
@: invisible
A: large, unfitting armour, tough skin 1
a: Renounce Religion


You were on level 5 of the Dungeon.
You worshipped Vehumet.
Vehumet was aware of your devotion.
You visited 1 branch of the dungeon, and saw 5 of its levels.

You collected 246 gold pieces.

Inventory:

Armour
 a - a +0 robe (worn)
 p - an orb of wrath
Jewellery
 o - a ring of positive energy (left hand)
Wands
 k - a wand of flame (17)
Scrolls
 d - a scroll of enchant weapon {unknown}
 e - a scroll of blinking {unknown}
 f - 3 scrolls of noise {unknown}
 g - 3 scrolls of amnesia {unknown}
 h - a scroll of fear {unknown}
 i - 3 scrolls of identify {unknown}
 j - a scroll of poison {unknown}
 n - a scroll of immolation {unknown}
Potions
 b - a potion of magic
 c - a potion of curing {unknown}
 m - a potion of brilliance {unknown}


   Skills:
 + Level 3.6 Dodging
 - Level 1.4 Stealth
 + Level 4.4 Spellcasting
 - Level 3.0 Conjurations
 * Level 5.2 Fire Magic


You had 11 spell levels left.
You knew the following spells:

 Your Spells              Type           Power      Damage    Failure   Level
a - Foxfire               Conj/Fire      76%        2x1d7     2%          1
b - Scorch                Fire           46%        2d6       2%          2

Your spell library contained the following spells:

 Spells                   Type           Power      Damage    Failure   Level
 Shock                    Conj/Air       36%        1d5       8%          1
 Necrotise                Necr           16%        1d4       14%         1
 Inner Flame              Hex/Fire       13%        N/A       14%         3
 Volatile Blastmotes      Fire/Tloc      26%        2d12      14%         3
 Flame Wave               Conj/Fire      19%        2d7       26%         4
 Vampiric Draining        Necr           4%         2d6       38%         3
 Agony                    Necr           4%         N/A       98%         5


Dungeon Overview and Level Annotations

Branches:
Dungeon (5/15)
 Temple: D:4-7

Altars:
Ashenzari
Fedhas
Makhleb
Vehumet
Zin


Innate Abilities, Weirdness & Mutations

You are too large for most types of armour.
You have tough skin. (AC +1)


Message History

Casting: Foxfire (safe; 2% risk of failure)
Confirm with . or Enter, or press ? or * to list all spells.
You conjure some foxfire!
The orc completely misses you.
Your foxfire dissipates!
The foxfire hits the sleepcap.
The sleepcap is severely damaged.
The sleepcap attacks as you move away! The sleepcap barely misses you.
The orc attacks as you move away! The orc hits you with a +0 whip.
The sleepcap attacks as you move away! The sleepcap barely misses you.
The orc attacks as you move away! The orc hits you with a +0 whip.
Casting: Foxfire (safe; 2% risk of failure)
Confirm with . or Enter, or press ? or * to list all spells.
You conjure some foxfire!
The orc hits you with a +0 whip.
The sleepcap releases spores at you but does no damage.
The foxfire hits the orc but does no damage.
The foxfire hits the sleepcap but does no damage.
The sleepcap is severely damaged.
Casting: Foxfire (safe; 2% risk of failure)
Confirm with . or Enter, or press ? or * to list all spells.
You conjure some foxfire!
The orc hits you but does no damage. The sleepcap releases spores at you.
You are engulfed in a cloud of soporific spores!
You fall asleep.
The foxfire hits the sleepcap but does no damage.
The sleepcap is severely damaged.
The foxfire hits the orc but does no damage.
The orc hits you with a +0 whip.
You wake up.
* * * LOW HITPOINT WARNING * * *
The sleepcap releases spores at you but does no damage.
The sleepcap attacks as you move away! The sleepcap closely misses you.
The sleepcap attacks as you move away! The sleepcap closely misses you.
The orc attacks as you move away! The orc hits you with a +0 whip.
* * * LOW HITPOINT WARNING * * *
You fade into invisibility!
The orc closely misses you. The sleepcap releases spores at you.
* * * LOW HITPOINT WARNING * * *
As you read the scroll of summoning, it crumbles to dust.
Wisps of shadow whirl around you... The orc barely misses you.
The sleepcap releases spores at you!
You die...

####. .######.#.# ### #.# .....
..........########.# #.# .....
.............)>#.####.# ..##.
#.........)........#.# ..#
#.........###.#.####.# ..#
#.........# #.#.# #.# ###
#......J..# #†#.# #.# .#
####.....f...# #.#.# #.# .#
#....>o.oo@..# #.#.# #.#
.######..........o.# #.#.# #.#
###..........)o..Oo# #.#.# #.#
###................###.#.# #.#
..'................o...[.####.###
###.......###.###....<...........
# #.......# #.# #.###..#.####.###
# ######### #.# #.# #..#.# #.#
###.## ###.###.# #..#.# #.#


You could see a sleepcap (unable to see you, ally target), 2 orcs, a friendly
ogre (summoned), a friendly jelly (summoned), a friendly orc priest (summoned),
a friendly orc wizard (summoned) and 3 friendly orcs.

Vanquished Creatures
  A centaur (D:5)
  A gnoll sergeant (D:5)
  A howler monkey (D:4)
  A jelly (D:4)
  3 hounds (D:5)
  An orc priest (D:4)
  3 iguanas
  3 gnolls
  8 adders
  A white imp (D:5)
  An ufetubus (D:4)
  2 worms
  5 dart slugs
  4 orcs
  8 endoplasms
  4 giant cockroaches
  7 goblins
  9 hobgoblins
  5 jackals (D:1)
  A quokka (D:1)
  7 ball pythons
  5 bats
  5 frilled lizards
  5 kobolds
  3 rats
  2 butterflies (D:1)
96 creatures vanquished.

Vanquished Creatures (others)
  310 foxfires
310 creatures vanquished.

Grand Total: 406 creatures vanquished

Notes
Turn   | Place    | Note
-------+----------+-------------------------------------------
     0 | D:1      | Irreverend the Ogre Fire Elementalist began the quest for
                  | the Orb.
     0 | D:1      | Reached XP level 1. HP: 16/16 MP: 3/3
   169 | D:1      | Reached skill level 1 in Conjurations
   323 | D:1      | Reached XP level 2. HP: 24/24 MP: 1/5
   459 | D:1      | Learned a level 2 spell: Scorch
   471 | D:1      | Found a faded altar of an unknown god.
   477 | D:1      | Reached skill level 3 in Fire Magic
   774 | D:1      | Reached XP level 3. HP: 18/31 MP: 0/7
  1724 | D:2      | Reached XP level 4. HP: 39/39 MP: 0/8
  2771 | D:3      | Found a radiant altar of Vehumet.
  2779 | D:3      | Reached XP level 5. HP: 37/45 MP: 4/9
  2810 | D:3      | Became a worshipper of Vehumet
  2949 | D:3      | Found a burning altar of Makhleb.
  3204 | D:3      | Found a broken altar of Ashenzari.
  3452 | D:4      | Found a blossoming altar of Fedhas.
  3477 | D:4      | Noticed a phantom
  3562 | D:4      | Reached skill level 4 in Fire Magic
  3725 | D:4      | Reached XP level 6. HP: 53/53 MP: 5/11
  4086 | D:4      | Found a glowing silver altar of Zin.
  4307 | D:5      | Entered Level 5 of the Dungeon
  4378 | D:5      | Reached * piety under Vehumet
  4378 | D:5      | Offered knowledge of Shock by Vehumet.
  4866 | D:5      | Reached XP level 7. HP: 59/59 MP: 4/13
  5052 | D:5      | Reached skill level 5 in Fire Magic
  5375 | D:5      | Slain by a sleepcap

Illustrated notes

Levels and vault maps discovered:
D:1:      spicycebolla_arrival_clurvy, layout_basic,
          shapermc_ecumenical_altar_starsandcircs,
          chequers_serial_rivers_micro_d, hex_large, minmay_pentomino_u2
D:2:      layout_basic, minmay_misc_feat_pillars
D:3:      layout_rooms, bloody_makhleb, lemuel_doored_altar,
          vehumet_altar_wand_db, serial_bayou_ford_a, chequers_avenue
D:4:      layout_loops_ring, fedhas_altar_1, zin_statuary
D:5:      layout_basic, okawaru_metal_pillars_1_2

Skill      XL: |  1  2  3  4  5  6  7 |
---------------+----------------------+-----
Conjurations   | 1 2 3 |  3.0
Dodging        | 2 3 |  3.6
Fire Magic     | 3 4 5 |  5.2
Spellcasting   | 3 4 |  4.4
Stealth        | |  1.4

Action                     |  1- 3 |  4- 6 |  7- 9 || total
---------------------------+-------+-------+-------++-------
  Melee: Unarmed           |    20 |       |       ||    20
   Cast: Foxfire           |    85 |    93 |    19 ||   197
         Scorch            |     3 |    36 |     9 ||    48
    Use: Scroll            |       |       |     1 ||     1
         Potion            |       |       |     1 ||     1
 Armour: Robe              |    25 |     3 |     5 ||    33
  Dodge: Dodged            |    45 |     5 |     7 ||    57
